 Dungeon Crawl Stone Soup version 0.28-a0-1365-g7e0445c96d (webtiles) character file.

Game seed: 6119587641383603945

42 Lekart the Skirmisher (level 3, -1/33 HPs)
             Began as a Draconian Chaos Knight on Dec 30, 2021.
             Was a Plaything of Xom.
             Slain by a gnoll (5 damage)
             ... on level 2 of the Dungeon on Dec 31, 2021.
             The game lasted 00:03:45 (1601 turns).

Lekart the Skirmisher (Draconian Chaos Knight)      Turns: 1601, Time: 00:03:45

Health: -1/33      AC:  5    Str: 12    XL:     3   Next: 33%
Magic:  3/3        EV: 12    Int: 14    God:    Xom [.....*]
Gold:   78         SH:  0    Dex: 12    Spells: 2/2 levels left

rFire   . . .      SeeInvis .   d - +4 dagger (freeze)
rCold   . . .      Faith    .   (no shield)
rNeg    . . .      Spirit   .   (armour unavailable)
rPois   .          Reflect  .   (helmet restricted)
rElec   .          Harm     .   (no cloak)
rCorr   .          Rampage  .   (no gloves)
Will    .....                   (no boots)
Stlth   +.........              (no amulet)
HPRegen 0.11/turn               (no ring)
MPRegen 0.08/turn               (no ring)

@: lethally poisoned (-1 -> -14), cleaving, attractive
A: AC +5, unfitting armour, cold-blooded, clever 1, weak 1
a: Renounce Religion


You were on level 2 of the Dungeon.
You worshipped Xom.
You were Xom's teddy bear.
You visited 1 branch of the dungeon, and saw 2 of its levels.

You collected 78 gold pieces.

Inventory:

Hand Weapons
 a - a +0 hand axe of chaos
 d - a +4 dagger of freezing (weapon)
Missiles
 b - 37 stones (quivered)


   Skills:
 + Level 3.7 Fighting
 + Level 0.1 Short Blades
 + Level 3.5 Axes
 + Level 0.6 Throwing
 + Level 2.5 Dodging


You had 2 spell levels left.
You didn't know any spells.
Your spell library was empty.

Dungeon Overview and Level Annotations

Branches:
Dungeon (2/15)

Altars:

Shops:
D:2 :


Innate Abilities, Weirdness & Mutations

Your plain brown scales are hard. (AC +5)
You cannot fit into any form of body armour.
You are cold-blooded and may be slowed by cold attacks.
Your mind is acute. (Int +2)
You are weak. (Str -2)


Message History

You barely miss the giant cockroach. The giant cockroach closely misses you.
You barely miss the giant cockroach. The giant cockroach barely misses you.
You closely miss the giant cockroach.
Your tail-slap misses the giant cockroach.
The giant cockroach bites you but does no damage.
A giant cockroach is nearby!
You closely miss the giant cockroach. The giant cockroach closely misses you.
A giant cockroach is nearby!
You hit the giant cockroach. You freeze the giant cockroach.
You kill the giant cockroach!
No target in view!
You see here a giant cockroach corpse.
A gnoll is nearby!
A gnoll is nearby!
The gnoll shouts! x2
The gnoll hits you but does no damage. The gnoll closely misses you.
The gnoll hits you from afar with a +0 spear.
You completely miss the gnoll.
The gnoll hits you with a +0 spear of venom!
You are poisoned.
The gnoll hits you from afar with a +0 spear.
You hit the gnoll but do no damage.
You feel very sick.
The gnoll hits you with a +0 spear of venom!
* * * LOW HITPOINT WARNING * * *
You are more poisoned.
The gnoll barely misses you.
You are too injured to fight recklessly!
You are too injured to fight recklessly!
It was a potion of attraction.
You feel attractive to monsters.
Xom roars with laughter!
* * * LOW HITPOINT WARNING * * *
You feel very sick. Xom grants you a minor favour.
Your +4 dagger of freezing looks sharp.
You are now Xom's teddy bear.
The gnoll hits you with a +0 spear of venom.
You die...

#.# #...#.#######§# #.#
#.. #.# #..##.(...# #.#
#.# #.# #.# #.. +.....#
#.#####.# #..
###.#####.###...).#
#g.g....# ###
........#.........#
#########
..................#
......(..........g#
...†..............#####
.............###@.....#
...####+#....# #g.....#
......# #.#### #......#
......# #.# #......#
......# #.######......#
#...#...#.#....'......#
#...#.#.#.#.####......#
#...#.###.#.####......#
#...'.....#....+......#


You could see 2 gnolls.

Vanquished Creatures
  A gnoll (D:2)
  A dart slug (D:1)
  5 endoplasms (D:1)
  3 giant cockroaches
  3 goblins (D:1)
  7 kobolds
  A quokka (D:1)
  4 ball pythons
  3 frilled lizards
  A rat (D:1)
29 creatures vanquished.

Notes
Turn   | Place    | Note
-------+----------+-------------------------------------------
     0 | D:1      | Lekart the Draconian Chaos Knight began the quest for the
                  | Orb.
     0 | D:1      | Reached XP level 1. HP: 19/19 MP: 1/1
   124 | D:1      | XOM: god gift: 20 gold pieces
   299 | D:1      | XOM: give mutations
   299 | D:1      | Gained mutation: Your mind is acute. (Int +2) [Xom's grace]
   299 | D:1      | Gained mutation: You have a pair of small horns on your
                  | head. [Xom's grace]
   299 | D:1      | Gained mutation: Your tail ends in a venomous barb. [Xom's
                  | grace]
   324 | D:1      | Reached XP level 2. HP: 22/26 MP: 2/2
   457 | D:1      | XOM: 2-stop teleportation journey
   787 | D:1      | XOM: smoke on damage
  1067 | D:1      | XOM is BORED!
  1067 | D:1      | XOM: give mutations
  1067 | D:1      | Lost mutation: Your tail ends in a venomous barb. [Xom's
                  | mischief]
  1067 | D:1      | Gained mutation: You are weak. (Str -2) [Xom's mischief]
  1067 | D:1      | Lost mutation: You have a pair of small horns on your head.
                  | [Xom's mischief]
  1268 | D:1      | XOM: divination: detect items
  1362 | D:2      | Found Nixa's Book Shoppe.
  1383 | D:2      | Reached XP level 3. HP: 33/33 MP: 3/3
  1577 | D:2      | Upgraded the game from 0.28-a0-1348-g050f3537b9 to
                  | 0.28-a0-1365-g7e0445c96d
  1601 | D:2      | XOM: cleaving
  1601 | D:2      | Slain by a gnoll

Illustrated notes

Levels and vault maps discovered:
D:1:      dpeg_arrival_erosion, layout_loops_cross
D:2:      layout_basic, hellmonk_ecumenical_altar_watching_god, serial_shops,
          nicolae_shop_waterfront, uniq_robin

Action                   || total
-------------------------++-------
Melee: Hand axe          ||    20
       Dagger            ||    30
       Headbutt          ||     4
       Tailslap          ||     2
Throw: Stone             ||    88
  Use: Scroll            ||     2
       Potion            ||     2
Armor: Skin              ||    13
Dodge: Dodged            ||    41

Table legend: (Time is in decaauts)
 A = Elapsed time spent in this place.
 B = Non-inter-level travel time spent in this place.
 C = Inter-level travel time spent in this place.
 D = Time resting spent in this place.
 E = Time spent auto-exploring this place.
 F = Levels seen in this place.
 G = Mean time per level.
                   A        B        C        D        E       F      G
               +--------+--------+--------+--------+--------+-----+--------+
         Total |   1613 |   1575 |     38 |    283 |    993 |   2 |  806.5 |
       Dungeon |   1613 |   1575 |     38 |    283 |    993 |   2 |  806.5 |
               +--------+--------+--------+--------+--------+-----+--------+

Top non-repeatable levels by time:
     D:1: 1280 daAuts
     D:2: 333 daAuts
